Map: Jagannatha LE

Players

A.I. 1 (Medium) - Winner!

  • Race: Terran Terran
  • Spawn Location: 1:00

ViBE

  • Race: Zerg Zerg
  • League: Grandmaster
  • Spawn Location: 7:00

VOD

https://youtu.be/oKlMffkTpQk?list=PLFeZeom2b4DkjG6r4S2MpaaLr2xWbuI2U&t=4205

Description

Demonstration of a greedy macro ling-bane-hydra build vs Terran.

Time

  • Played on: July 3, 2021, 8:34 p.m.
  • Length: 10:21
Show
View Real Time Build Order
Export as new Build Order

A.I. 1 (Medium) Terran - Winner!

Build Orders:  

Get SALT Encoding   

  12  0:00  SCV  
  13  0:13  SCV  
  14  0:18  Supply Depot  
  14  0:25  SCV  
  15  0:39  SCV  
  16  0:43  Barracks  
  16  0:50  Refinery  
  16  0:52  SCV  
  17  1:04  SCV  
  18  1:17  Supply Depot  
  18  1:31  Marine  
  19  1:33  Barracks, Orbital Command  
  19  1:41  Refinery  
  19  1:52  Marine  
  19  1:54  Factory  
  20  2:11  Barracks Tech Lab  
  20  2:20  Marine  
  21  2:25  Supply Depot  
  21  2:30  Marine  
  22  2:40  Marine  
  23  2:49  SCV  
  23  2:51  Hellion  
  26  3:01  SCV, Engineering Bay  
  27  3:12  Hellion  
  29  3:13  SCV  
  29  3:15  Supply Depot  
  30  3:26  SCV  
  31  3:33  Hellion  
  33  3:38  SCV  
  34  3:50  SCV  
  34  3:55  Hellion  
  37  5:22  Barracks Tech Lab, Marauder  
  37  5:23  SCV  
  37  5:25  Factory Tech Lab, Factory  
  40  5:29  Supply Depot  
  40  5:30  Missile Turret  
  40  5:32  Missile Turret  
  40  5:35  SCV  
  41  5:37  Sensor Tower  
  41  5:40  Barracks  
  41  5:42  Armory  
  41  5:43  Marine  
  44  5:50  Widow Mine  
  44  5:53  Supply Depot  
  44  5:56  Bunker  
  44  5:59  Starport  
  44  6:01  Command Center, Marauder  
  42  6:08  Factory Tech Lab  
  34  6:12  Siege Tank  
  36  6:24  Marine  
  37  6:28  Barracks Reactor  
  37  6:35  Starport Tech Lab, Marine  
  38  6:46  Marine  
  39  6:58  Marine  
  42  7:05  Raven  
  42  7:09  Marine  
  42  7:14  SCV  
  44  7:17  SCV  
  44  7:21  Siege Tank  
  48  7:24  Refinery  
  48  7:25  Missile Turret  
  48  7:26  SCV  
  48  7:29  SCV  
  50  7:33  Widow Mine  
  50  7:34  Missile Turret  
  50  7:35  Refinery  
  52  7:38  SCV  
  52  7:41  SCV  
  56  7:47  Raven  
  56  7:50  SCV  
  57  7:53  SCV  
  57  7:54  Bunker  
  58  8:03  SCV  
  59  8:05  SCV  
  60  8:15  SCV  
  60  8:18  SCV  
  62  8:27  SCV  
  62  8:30  SCV  
  64  8:39  SCV  
  65  8:42  SCV  
  66  8:51  SCV  
  66  8:54  SCV  
  68  9:03  SCV  
  68  9:06  SCV  
  69  9:10  Supply Depot  
  69  9:15  SCV  
  70  9:18  SCV  
  71  9:27  SCV  
  72  9:45  Medivac, Marine  
  74  9:49  Starport  
  74  9:50  Marine  
  76  9:53  Supply Depot  
  76  9:55  Marine  
  76  9:56  Fusion Core, Ghost Academy  
  77  10:00  Marine  
  77  10:02  Engineering Bay  
  77  10:04  Armory  
  79  10:17  Supply Depot  
Show
View Real Time Build Order
Export as new Build Order

ViBE Zerg 

Build Orders: Hatch First 

Get SALT Encoding   

  12  0:00  Drone  
  13  0:13  Overlord  
  13  0:18  Drone  
  14  0:32  Drone x2  
  16  0:50  Hatchery  
  16  0:52  Drone  
  16  0:57  Drone  
  16  1:00  Drone  
  18  1:10  Extractor  
  17  1:17  Spawning Pool  
  16  1:20  Drone  
  16  1:22  Drone  
  18  1:29  Drone  
  19  1:40  Drone  
  20  1:56  Drone  
  21  2:03  Queen  
  21  2:04  Queen  
  21  2:05  Zergling x4  
  27  2:18  Hatchery  
  26  2:23  Metabolic Boost  
  26  2:26  Drone  
  27  2:32  Overlord  
  27  2:35  Drone  
  28  2:43  Overlord  
  28  2:50  Drone x3  
  31  2:56  Queen  
  33  3:01  Drone  
  33  3:03  Drone  
  35  3:08  Drone  
  35  3:10  Pneumatized Carapace  
  36  3:16  Drone x2  
  36  3:17  Drone  
  39  3:21  Overlord  
  39  3:24  Drone  
  39  3:26  Drone  
  41  3:31  Overlord  
  41  3:35  Drone x3  
  44  3:43  Drone x4  
  44  3:47  Queen  
  50  3:52  Queen  
  52  3:58  Drone x3  
  52  3:59  Drone  
  56  4:07  Drone x5  
  61  4:11  Overlord  
  61  4:16  Lair  
  61  4:21  Extractor  
  61  4:22  Drone x3, Extractor, Baneling Nest  
  61  4:25  Zergling x4  
  61  4:30  Zergling x8  
  67  4:45  Drone x7  
  74  4:51  Overlord  
  74  4:53  Overlord  
  74  4:55  Overlord  
  74  5:08  Extractor  
  74  5:09  Drone, Extractor, Queen x2  
  74  5:10  Drone x6, Extractor  
  74  5:12  Drone  
  74  5:13  Drone  
  84  5:16  Drone  
  84  5:17  Drone x2  
  84  5:18  Drone  
  88  5:22  Drone  
  89  5:30  Hydralisk Den  
  89  5:31  Evolution Chamber x2, Centrifugal Hooks  
  86  5:38  Drone  
  87  5:46  Drone  
  88  5:52  Drone  
  88  5:54  Drone  
  88  5:55  Hatchery  
  88  5:56  Zergling x2  
  88  5:57  Zergling x10  
  88  6:05  Zergling x2  
  88  6:06  Zergling x4  
  88  6:09  Hatchery  
  89  6:14  Zerg Ground Armor Level 1  
  89  6:15  Zerg Melee Weapons Level 1  
  89  6:16  Grooved Spines  
  89  6:17  Baneling  
  89  6:18  Baneling x11  
  89  6:19  Zergling x18  
  89  6:20  Overseer  
  98  6:37  Overlord x4  
  98  6:38  Overlord x2  
  98  6:58  Drone x2  
  98  6:59  Drone x7  
  107  7:12  Drone x13  
  120  7:23  Extractor  
  120  7:25  Extractor  
  120  7:28  Muscular Augments  
  118  7:32  Hydralisk x9  
  118  7:33  Hydralisk  
  138  7:39  Hydralisk  
  138  7:40  Hydralisk x5  
  150  7:46  Hatchery  
  150  7:48  Zergling x14  
  156  7:52  Overlord x3  
  156  8:06  Overlord  
  156  8:07  Overlord x4  
  156  8:16  Infestation Pit  
  156  8:19  Zergling x2  
  156  8:20  Zergling x22  
  167  8:31  Zergling x16  
  167  8:32  Zergling x8  
  179  8:37  Zergling x2  
  179  8:38  Zergling x14  
  179  8:40  Zergling x2  
  188  8:43  Zergling x2  
  189  8:51  Zergling x14  
  189  8:53  Zergling x2  
  189  8:54  Zergling x6  
  200  8:59  Hive  
  200  9:01  Lurker Den  
  199  9:25  Baneling  
  199  9:26  Hatchery, Baneling x15  
  199  9:27  Baneling x8  
  198  9:32  Baneling x6  
  198  9:33  Baneling  
Tags
 
Matchup
TvZ
Player
ViBE
Spawn Locations
Cross Positions
Add a new tag
Caveats
  • Supply blocks, unpowered buildings, or Contaminate may cause inaccurate times.
  • Supply counts are checked every 10 seconds.